 Dungeon Crawl Stone Soup version 0.28.0-53-g5a82cb258f (webtiles) character file.

Game seed: 12236023155455770720

56 MisterFreud the Covert (level 3, -11/35 HPs)
             Began as a Gnoll Delver on June 24, 2022.
             Mangled by an iguana (13 damage)
             ... on level 5 of the Dungeon.
             The game lasted 00:00:28 (125 turns).

MisterFreud the Covert (Gnoll Delver)                Turns: 125, Time: 00:00:29

Health: -11/35     AC:  3    Str: 11    XL:     3   Next: 97%
Magic:  1/1        EV: 13    Int: 11    God:
Gold:   0          SH:  0    Dex: 13    Spells: 4/4 levels left

rFire   . . .      SeeInvis .   j - +1 falchion (antimagic)
rCold   . . .      Faith    .   (no shield)
rNeg    . . .      Spirit   .   b - +0 leather armour
rPois   .          Reflect  .   (no helmet)
rElec   .          Harm     .   (no cloak)
rCorr   .          Rampage  .   (no gloves)
Will    .....                   (no boots)
Stlth   ++++......              (no amulet)
HPRegen 0.11/turn               (no ring)
MPRegen 0.07/turn               (no ring)

@: no status effects
A: fangs 1, strong nose, distributed training
a: no special abilities


You were on level 5 of the Dungeon.
You visited 1 branch of the dungeon, and saw 2 of its levels.

Inventory:

Hand Weapons
 a - a +0 short sword
 j - a +1 antimagic falchion (weapon)
Armour
 b - a +0 leather armour (worn)
Wands
 g - a wand of digging (3)
Scrolls
 c - a scroll of fog
 d - a scroll of magic mapping
 e - a scroll of fear
 h - a scroll of identify {unknown}
 i - a scroll of amnesia {unknown}
Potions
 f - a potion of haste


   Skills:
 + Level 6.5 Fighting
 + Level 4.6 Short Blades
 + Level 1.0 Long Blades
 + Level 1.0 Axes
 + Level 1.0 Maces & Flails
 + Level 1.0 Polearms
 + Level 1.0 Staves
 + Level 1.0 Slings
 + Level 1.0 Bows
 + Level 1.0 Crossbows
 + Level 1.0 Throwing
 + Level 1.0 Armour
 + Level 4.6 Dodging
 + Level 9.6 Stealth
 + Level 1.0 Shields
 + Level 1.0 Unarmed Combat
 + Level 1.0 Spellcasting
 + Level 0.7 Conjurations
 + Level 0.7 Hexes
 + Level 0.7 Summonings
 + Level 0.7 Necromancy
 + Level 0.7 Translocations
 + Level 0.7 Transmutations
 + Level 0.7 Fire Magic
 + Level 0.7 Ice Magic
 + Level 0.7 Air Magic
 + Level 0.7 Earth Magic
 + Level 0.7 Poison Magic
 + Level 1.1 Invocations
 + Level 1.0 Evocations


You had 4 spell levels left.
You didn't know any spells.
Your spell library was empty.

Dungeon Overview and Level Annotations

Branches:
Dungeon (6/15)
 Temple: D:4-7

Altars:


Innate Abilities, Weirdness & Mutations

You have very sharp teeth.
Your uncanny sense of smell can sniff out nearby items.
Your experience applies equally to all skills.


Message History

Your Shields skill increases to level 1!
Your Unarmed Combat skill increases to level 1!
Your Spellcasting skill increases to level 1!
Your Invocations skill increases to level 1!
Your Evocations skill increases to level 1!
You have reached level 2!
You have reached level 3!
Your experience leads to an increase in your attributes!
Increase (S)trength, (I)ntelligence, or (D)exterity?
You feel clever. x2
There is a stone staircase leading up here.
You climb upwards.
There is a stone staircase leading down here.
Magic restored.
Found a runed falchion.
i - a scroll labelled LEIDIT VOWN You see here a +1 antimagic falchion.
j - a +1 antimagic falchion
Okay, then.
An iguana comes into view.
An iguana is nearby!
Found a scale mail.
The iguana hisses angrily.
The iguana bites you!
You hit the iguana.
The iguana is lightly wounded.
The iguana bites you.
You barely miss the iguana.
The iguana is lightly wounded.
The iguana bites you.
You are too injured to fight recklessly!
You are too injured to fight recklessly!
You feel magic leave you.
j - a +1 antimagic falchion (weapon)
You hit the iguana.
The iguana is heavily wounded.
The iguana bites you!
* * * LOW HITPOINT WARNING * * *
The iguana bites you!
You die...

.. .##### .#
.....# #.#
##....##..##
..........# ..
#.......[. ....
#l......#
.....##@.....#
...........###
...........###
.++##...#....##
###.#.....##
#.#......##
#.#.......## ##
..#........##.#
..#...........#


You could see an iguana.

Vanquished Creatures
  A water moccasin zombie (D:6)
1 creature vanquished.

Notes
Turn   | Place    | Note
-------+----------+-------------------------------------------
     0 | D:5      | Reached skill level 9 in Stealth
     0 | D:5      | MisterFreud the Gnoll Delver began the quest for the Orb.
     0 | D:5      | Reached XP level 1. HP: 23/23 MP: 1/1
    52 | D:6      | Noticed a water moccasin zombie
    61 | D:6      | Killed a water moccasin zombie
    62 | D:6      | Reached skill level 1 in Long Blades
    62 | D:6      | Reached skill level 1 in Axes
    62 | D:6      | Reached skill level 1 in Maces & Flails
    62 | D:6      | Reached skill level 1 in Polearms
    62 | D:6      | Reached skill level 1 in Staves
    62 | D:6      | Reached skill level 1 in Slings
    62 | D:6      | Reached skill level 1 in Bows
    62 | D:6      | Reached skill level 1 in Crossbows
    62 | D:6      | Reached skill level 1 in Throwing
    62 | D:6      | Reached skill level 1 in Armour
    62 | D:6      | Reached skill level 1 in Shields
    62 | D:6      | Reached skill level 1 in Unarmed Combat
    62 | D:6      | Reached skill level 1 in Spellcasting
    62 | D:6      | Reached skill level 1 in Invocations
    62 | D:6      | Reached skill level 1 in Evocations
    62 | D:6      | Reached XP level 2. HP: 29/29 MP: 1/3
    62 | D:6      | Reached XP level 3. HP: 35/35 MP: 1/4
   125 | D:5      | Mangled by an iguana

Illustrated notes

Levels and vault maps discovered:
D:5:      layout_basic, grunt_gozag_statues, hangedman_glass_teeth,
          minmay_misc_feat_room
D:6:      layout_loops_ring

Skill      XL: |  1 |
---------------+----+-----
Stealth        | |  9.6
Long Blades    | 1 |  1.0
Axes           | 1 |  1.0
Maces & Flails | 1 |  1.0
Polearms       | 1 |  1.0
Staves         | 1 |  1.0
Slings         | 1 |  1.0
Bows           | 1 |  1.0
Crossbows      | 1 |  1.0
Throwing       | 1 |  1.0
Armour         | 1 |  1.0
Shields        | 1 |  1.0
Unarmed Combat | 1 |  1.0
Spellcasting   | 1 |  1.0
Invocations    | 1 |  1.1
Evocations     | 1 |  1.0
Fighting       | |  6.5
Short Blades   | |  4.6
Dodging        | |  4.6
Conjurations   | |  0.7
Hexes          | |  0.7
Summonings     | |  0.7
Necromancy     | |  0.7
Translocations | |  0.7
Transmutations | |  0.7
Fire Magic     | |  0.7
Ice Magic      | |  0.7
Air Magic      | |  0.7
Earth Magic    | |  0.7
Poison Magic   | |  0.7

Action                   || total
-------------------------++-------
Melee: Short sword       ||     6
       Falchion          ||     1
 Stab: Sleeping          ||     1
Dodge: Dodged            ||     3
